AoeStats
← jphilkill

Arena

509329868Analyzed
4v4 RM · 7d ago on Sep 26, 2026· 48m 19s· 8 players
Game mode
Random Map
Map size
Large (8 player)
Population
200
Speed
Normal
Resources
Standard
Victory
Conquest
Starting age
Dark Age
Ending age
Imperial Age
RankedLock teamsTeams togetherTeam positionsShared explorationLock speedFull tech treeHidden civsTurbo modeCheats
Victory
Defeat
🇩🇪 Persians · Germany
848
+18
🇩🇪 Franks · Germany
847
+18
🇨🇿 Magyars · Czechia
779
+21
🇨🇿 Byzantines · Czechia
777
+21
🇭🇰 Khmer · Hong Kong SAR China
979
-22
🇮🇩 Cumans · Indonesia
974
-23
🇰🇷 Huns · South Korea
869
-19
🇨🇳 Koreans · China
743
-14
Novic
12:12 Feudal Age
13:20 Horse Collar
13:28 Double-Bit Axe
17:27 Castle Age
17:26 Forging
17:14 Fletching
18:00 Padded Archer Armor
19:02 Bodkin Arrow
19:21 Bow Saw
19:19 Heavy Plow
22:17 Gold Mining
22:44 Bodkin Arrow
22:50 Stone Mining
23:39 Husbandry
26:14 Leather Archer Armor
28:15 Ballistics
32:44 Imperial Age
30:46 Murder Holes
32:32 Thumb Ring
32:54 Heavy Cavalry Archer
34:16 Crop Rotation
34:52 Chemistry
35:28 Bracer
35:59 Ring Archer Armor
45:59 Elite Cataphract
46:55 Logistica
47:00 Forging
46:58 Scale Barding Armor
Mgr.Bc. Pavel Moc
11:34 Feudal Age
12:50 Horse Collar
12:59 Double-Bit Axe
14:04 Wheelbarrow
21:08 Castle Age
22:09 Hand Cart
22:20 Bow Saw
22:28 Heavy Plow
23:46 Bloodlines
23:37 Husbandry
23:47 Scale Barding Armor
25:11 Caravan
25:24 Light Cavalry
35:52 Chain Barding Armor
35:38 Stone Mining
43:09 Imperial Age
43:26 Cavalier
45:48 Paladin
47:15 Crop Rotation
47:54 Plate Barding Armor
47:20 Scale Mail Armor
Creavite
11:48 Feudal Age
13:12 Loom
15:40 Castle Age
13:43 Double-Bit Axe
14:03 Horse Collar
18:35 Wheelbarrow
18:25 Bow Saw
18:19 Heavy Plow
18:58 Gold Mining
18:59 Stone Mining
21:34 Wheelbarrow
23:02 Hand Cart
29:02 Imperial Age
27:22 Scale Barding Armor
27:28 Forging
29:07 Chain Barding Armor
30:15 Iron Casting
29:44 Murder Holes
30:10 Ballistics
30:29 Plate Barding Armor
29:45 Fletching
29:57 Padded Archer Armor
31:04 Gold Shaft Mining
31:04 Stone Shaft Mining
31:39 Kamandaran
33:53 Blast Furnace
32:16 Cavalier
33:07 Bloodlines
32:58 Husbandry
33:12 Crossbowman
36:10 Thumb Ring
36:36 Savar
39:46 Chemistry
40:43 Two-Man Saw
40:30 Crop Rotation
40:35 Elite War Elephant
jphilkill
1:56 Loom
12:31 Feudal Age
16:53 Castle Age
15:13 Stone Mining
15:10 Double-Bit Axe
29:30 Fletching
33:16 Gold Mining
34:20 Scale Mail Armor
38:55 Gold Shaft Mining
38:44 Forging
40:18 Iron Casting
40:29 Padded Archer Armor
42:19 Wheelbarrow
45:40 Chain Mail Armor
ELVizay
0:30 Loom
11:50 Feudal Age
12:28 Double-Bit Axe
22:34 Castle Age
20:39 Horse Collar
22:29 Forging
22:19 Scale Mail Armor
22:49 Pikeman
22:52 Man-at-Arms
26:07 Long Swordsman
28:05 Squires
27:51 Arson
31:10 Pikeman
36:11 Imperial Age
34:20 Iron Casting
34:00 Chain Mail Armor
35:39 Iron Casting
35:19 Chain Mail Armor
38:32 Blast Furnace
38:02 Plate Mail Armor
心已不痛5280
11:41 Feudal Age
16:52 Castle Age
16:29 Double-Bit Axe
23:13 Bow Saw
23:36 Gold Mining
28:55 Imperial Age
27:09 Wheelbarrow
26:28 Stone Mining
26:24 Horse Collar
28:37 Hand Cart
28:34 Heavy Plow
29:19 Gold Shaft Mining
29:20 Stone Shaft Mining
29:55 Ballistics
29:47 Masonry
30:38 Chemistry
33:01 Two-Man Saw
32:01 Town Watch
32:02 Loom
32:52 Architecture
33:28 Conscription
37:21 Fletching
37:38 Scale Barding Armor
37:44 Forging
37:35 Scale Mail Armor
37:56 Fortified Wall
37:44 Murder Holes
37:57 Siege Engineers
37:43 Pikeman
38:24 Squires
38:26 Elite War Wagon
38:36 Halberdier
45:04 Town Patrol
46:29 Chain Barding Armor
46:46 Iron Casting
46:06 Bodkin Arrow
tiagosacadura
11:17 Feudal Age
14:23 Castle Age
12:34 Double-Bit Axe
12:48 Horse Collar
19:34 Stone Mining
23:40 Wheelbarrow
25:03 Bloodlines
24:14 Light Cavalry
24:55 Husbandry
25:30 Hand Cart
25:35 Scale Barding Armor
26:27 Fletching
26:50 Forging
29:35 Gold Mining
30:34 Heavy Plow
33:10 Imperial Age
32:12 Gold Shaft Mining
32:18 Stone Shaft Mining
35:10 Bodkin Arrow
35:35 Chain Barding Armor
35:51 Iron Casting
34:40 Elite Ballista Elephant
37:33 Scale Mail Armor
37:34 Bracer
37:19 Pikeman
38:03 Halberdier
42:16 Arson
42:56 Double Crossbow
44:52 Chemistry
44:13 Ballistics
43:37 Elite Skirmisher
44:39 Bow Saw
46:44 Chain Mail Armor
47:29 Blast Furnace
47:06 Plate Barding Armor
46:31 Padded Archer Armor
jhkim91cfa
10:14 Feudal Age
12:20 Double-Bit Axe
12:16 Horse Collar
19:10 Castle Age
21:14 Husbandry
22:25 Bloodlines
22:32 Forging
22:28 Scale Barding Armor
23:37 Bow Saw
24:20 Heavy Plow
25:24 Marauders
28:47 Gold Mining
35:33 Imperial Age
33:47 Squires
33:07 Pikeman
Connection lost

Rejoining the realm…

Still unreachable

The connection could not be restored.

Session expired

The server has moved on; the page needs a fresh start.